[Event "FRA-ch 58 Championnat"]
[Site "Belfort"]
[Date "1983.08.12"]
[Round "1"]
[White "Manouck, Thierry"]
[Black "Goldenberg, Richard"]
[Result "1/2-1/2"]
[ECO "A10"]
[WhiteElo "2375"]
[BlackElo "2325"]
[Annotator "Primel,D"]
[PlyCount "134"]
[EventDate "1983.08.12"]
[EventType "tourn"]
[EventRounds "15"]
[EventCountry "FRA"]
[EventCategory "2"]
[SourceTitle "EXT 2016"]
[Source "ChessBase"]
[SourceDate "2015.10.08"]
[SourceVersion "1"]
[SourceVersionDate "2015.10.08"]
[SourceQuality "1"]
[TimeControl "40/9000:16/5400:0"]

1. c4 b6 2. Nf3 Bb7 3. g3 {Une variante un peu douteuse} Bxf3 $1 4. exf3 c5 5. d4 cxd4 6. Qxd4 Nc6 7. Qd2 (7. Qd1 e6 8. Nc3 Rc8 $11)
7... g6 (7... e6 $142 8. Nc3 Qf6 $11 {Van Wely,L (2645)-Zvjaginsev,V (2610)
New York op 1997 1/2-1/2}) 8. b3 Bg7 9. Nc3 Qc7 $146 (9... Nd4 10. Bg2 b5 $5 {
Rajkovic,D (2460)-Schussler,H (2460) Smederevska Palanka 1979 (5) 1-0}) 10. f4
Nf6 11. Bb2 O-O 12. Rc1 Rfe8 13. Bg2 Rac8 14. O-O Qb8 15. Rfe1 $14 {Les Blancs
gardent un petit avantage d'espace} a6 16. Nd5 Nxd5 17. Bxg7 Kxg7 18. cxd5 Na7
19. Rxc8 Nxc8 20. f5 Nd6 21. fxg6 hxg6 22. h4 f6 23. Bh3 $1 Qb7 24. Re3 (24. h5 {Plus naturel} Nf7 (24... g5 25. Qc2 $40) 25. hxg6) 24...
Nf7 25. Bg2 (25. d6 $5 Nxd6) 25... d6 26. Qe2 b5 27. Rc3 Rc8 28. Rxc8 Qxc8 $1
29. Qxe7 Qc1+ 30. Bf1 Qd2 31. a4 Qxd5 32. axb5 axb5 33. b4 Qd4 34. Bxb5 Qxb4
35. Be8 Qb1+ 36. Kg2 Qb3 37. Bxf7 Qxf7 38. Qxd6 Qb7+ 39. Kh2 Qf3 40. Qe7+ Kg8
41. Qe3 Qf5 42. Kg2 Qd5+ 43. Qf3 Qe6 44. g4 Kg7 45. Qb7+ Kg8 46. Qb8+ Kg7 47.
Qb7+ Kg8 48. Qb8+ Kg7 49. Qc7+ Kg8 50. Qf4 Qd5+ 51. Qf3 Qe6 52. Kg3 Qe5+ 53.
Qf4 Qc3+ 54. Kh2 Kg7 55. h5 Qc5 56. h6+ Kh7 57. Qxf6 Kxh6 58. Kg3 Kh7 59. Kh4
Qc7 60. f4 Qb7 61. Qe5 (61. Kg5 Qd5+ 62. Kh4 (62. f5 $2 Qd2+)) 61... Qd7 62. f5
gxf5 63. gxf5 Qa7 64. Qc3 Qe7+ 65. f6 Qe4+ 66. Kg5 Qd5+ 67. Kf4 Kg6 1/2-1/2